 Dungeon Crawl Stone Soup version 0.27-a0-1591-gc56fcc985a (webtiles) character file.

Game seed: 10989225598443238944

30 sshlich the Shield-Bearer (level 3, 29/29 HPs)
             Began as a Formicid Fighter on July 18, 2021.
             Quit the game on level 1 of the Dungeon on July 19, 2021.
             The game lasted 00:01:44 (963 turns).

sshlich the Shield-Bearer (Formicid Fighter)         Turns: 963, Time: 00:01:44

Health: 29/29      AC:  6    Str: 21    XL:     3   Next: 35%
Magic:  3/3        EV:  8    Int:  7    God:
Gold:   69         SH:  9    Dex: 10    Spells: 2/2 levels left

rFire    . . .     SeeInvis +   a - +0 war axe
rCold    . . .     Faith    .   c - +0 kite shield
rNeg     . . .     Spirit   .   b - +0 scale mail
rPois    .         Reflect  .   (helmet unavailable)
rElec    .         Harm     .   (no cloak)
rCorr    .         Rampage  .   (no gloves)
Will     .....                  (no boots)
Stlth    ..........             (no amulet)
HPRegen  0.09/turn              (no ring)
MPRegen  0.08/turn              (no ring)

@: no status effects
A: permanent stasis, dig shafts and tunnels, antennae 3, four strong arms
a: Dig, Shaft Self


You were on level 1 of the Dungeon.
You visited 1 branch of the dungeon, and saw 1 of its levels.

You collected 69 gold pieces.

Inventory:

Hand Weapons
 a - a +0 war axe (weapon)
Armour
 b - a +0 scale mail (worn)
 c - a +0 kite shield (worn)
Scrolls
 e - a scroll of acquirement {unknown}
Potions
 d - a potion of might
 f - a potion of curing {unknown}


   Skills:
 + Level 3.6 Fighting
 * Level 2.7 Axes
 + Level 3.5 Armour
 + Level 4.0 Shields


You had 2 spell levels left.
You didn't know any spells.
Your spell library was empty.

Dungeon Overview and Level Annotations

Branches:
Dungeon (1/15)

Altars:


Innate Abilities, Weirdness & Mutations

You cannot be hasted, slowed, berserked, paralysed or teleported.
You can dig through walls and to a lower floor.
You have a pair of large antennae on your head. (SInv)
Your four strong arms can wield two-handed weapons with a shield.


Message History

You block the quokka's attack. x2
You closely miss the quokka.
The quokka is heavily wounded.
The quokka bites you but does no damage.
Your shield prevents you from hitting the quokka.
The quokka is heavily wounded.
You block the quokka's attack. The quokka closely misses you.
You barely miss the quokka.
The quokka is heavily wounded.
The quokka barely misses you. The quokka bites you.
You slash the quokka!
You kill the quokka!
Your Shields skill increases to level 4!
No target in view!
You now have 57 gold pieces (gained 15).
Found 12 gold pieces.
You now have 69 gold pieces (gained 12).
A frilled lizard comes into view.
The frilled lizard hisses angrily.
The frilled lizard closely misses you.
You hit the frilled lizard.
You kill the frilled lizard!
No target in view!
Found a dagger.
You open the door.
Found a faded altar of an unknown god.
There is an open door here.
You see here 26 arrows.
You open the door.
There is an open door here.
You see here 26 arrows.
Done exploring.
No target in view!
No target in view!
Done exploring.
No target in view!
Saving game... please wait.
Welcome back, sshlich the Formicid Fighter.
Press ? for a list of commands and other information.
Are you sure you want to abandon this character and quit the game? (Confirm with "yes".)

##### #.#.......#...##..
#.#.##.##.#...##..
#.#.##.#.......#..
#.#.##.#####.#.#.#
#.#.##.......#...#
#.#.############## #.#.#
#.#.# ###### #@#.# .....#
#.#.# ####.## ##.#.#
#..#########.##.# ##########
#....#..#..#....# #........#
#....#..'..#.#..###.)......#
#..#8#..#.8#.#..รท.#........#
##.####(####...##.#........#
#.#.......#......#........#


There were no monsters in sight!

Vanquished Creatures
  A dart slug (D:1)
  5 ball pythons (D:1)
  3 bats (D:1)
  2 endoplasms (D:1)
  2 giant cockroaches (D:1)
  A goblin (D:1)
  4 hobgoblins (D:1)
  3 quokkas (D:1)
  A frilled lizard (D:1)
  2 rats (D:1)
24 creatures vanquished.

Notes
Turn   | Place    | Note
-------+----------+-------------------------------------------
     0 | D:1      | sshlich the Formicid Fighter began the quest for the Orb.
     0 | D:1      | Reached XP level 1. HP: 18/18 MP: 1/1
   196 | D:1      | Reached XP level 2. HP: 19/24 MP: 2/2
   575 | D:1      | Reached XP level 3. HP: 28/29 MP: 3/3
   743 | D:1      | Reached skill level 4 in Shields
   934 | D:1      | Found a faded altar of an unknown god.
   963 | D:1      | Upgraded the game from 0.27-a0-1586-gd5c625afe7 to
                  | 0.27-a0-1591-gc56fcc985a
   963 | D:1      | Quit the game

Illustrated notes

Levels and vault maps discovered:
D:1:      zelgadis_glass_arrival_small, layout_basic,
          shapermc_ecumenical_altar_mp_vishouse, minmay_pentomino_x4

Skill      XL: |  1  2  3 |
---------------+----------+-----
Shields        | 4 |  4.0
Fighting       | |  3.6
Axes           | |  2.7
Armour         | |  3.5

Action                   || total
-------------------------++-------
Melee: War axe           ||    75
Armor: Scale mail        ||    50
Dodge: Dodged            ||    40
Block: Kite shield       ||    51

Table legend: (Time is in decaauts)
 A = Elapsed time spent in this place.
 B = Non-inter-level travel time spent in this place.
 C = Inter-level travel time spent in this place.
 D = Time resting spent in this place.
 E = Time spent auto-exploring this place.
 F = Levels seen in this place.
 G = Mean time per level.
                   A        B        C        D        E       F      G
               +--------+--------+--------+--------+--------+-----+--------+
         Total |   1004 |   1004 |      0 |      0 |    821 |   1 | 1004.0 |
       Dungeon |   1004 |   1004 |      0 |      0 |    821 |   1 | 1004.0 |
               +--------+--------+--------+--------+--------+-----+--------+

Top non-repeatable levels by time:
     D:1: 1004 daAuts
